Unix NetHack Version 5.0.0-0 post-release - last build May 10 2026 23:12:36 (d1fa5d53e341ca933230fdaa984d921c805b60aa,branch:main).

Game began 2026-05-13 22:27:30, ended 2026-05-13 22:45:45.

BeardyHaddock, neutral male gnomish Archeologist

                          ---------------------------------
                          |...............................|
                          |...----------..---------------.|
                          |...|.(((|   .|.|.(.!|...|((!.|.|
                          |..(f@..(|    |.-.(!(|...|[*[.-.|
                          |...|.(m*|    +.|.(((|...|./(.|.|
                          |...|----------.--------+------.|
                          |...|%%%|....|....{.%...........|
                          |...|%%!|._..|.......----.......|
                          |...|%]%|....|.......|  |.......|
                          |...| ..|... |{......|  |.......|
                          |...---|--|---.......-+--.......|  #
                          |...............................-####   --------
                          |...-----|--|-.......-----|----.| ######%...[..|
                          |...|   ..|..|.......-..|..|  +.|       |......|
                          |...+  |..|..|.......|..|..|  |.|       |..`.`.|
                          -----  ---------------------  ---       |.....<|
                                                                  --------

BeardyHaddock the Field Worker  St:10 Dx:9 Co:13 In:19 Wi:17 Ch:9  Neutral
Dlvl:6  $:534 HP:0(36) Pw:42(42) AC:8  Xp:5 T:2695 

Latest messages:
 What do you want to drop? [$a-df-hjkoqsu-wEI-M or ?*] M
 You drop a worthless piece of violet glass (unpaid, 7 zorkmids).
 That brass lantern is a large mimic!
 The large mimic hits!
 What do you want to write with? [- agkqsE or ?*] -
 You write in the dust with your fingertip.
 What do you want to write in the dust here? Elbereth
 You cannot escape from the large mimic!
 You get released!
 The large mimic turns to flee.
 You see here a key (for sale, 13 zorkmids).
 You see here a towel (for sale, 67 zorkmids).
 You see here a towel (for sale, 67 zorkmids).
 You see here a whistle (for sale, 18 zorkmids).
 You see here a key (for sale, 13 zorkmids).
 You see here an ice box (for sale, 245 zorkmids).
 You see here a key (for sale, 13 zorkmids).
 You see here a lamp (for sale, 13 zorkmids).
 You see here a key (for sale, 13 zorkmids).
 The large mimic hits!
 You cannot escape from the large mimic!
 What do you want to write with? [- agkqsE or ?*] -
 You write in the dust with your fingertip.
 What do you want to write in the dust here? Elbereth
 Are you waiting to get hit?  Use 'm' prefix to force a no-op (to rest).
 Are you waiting to get hit?  Use 'm' prefix to force a no-op (to rest).
 You cannot escape from the large mimic!
 Are you waiting to get hit?  Use 'm' prefix to force a no-op (to rest).
 What do you want to drink? [L or ?*] L
 Gee!  All of a sudden, you can't see yourself.
 You pull free from the large mimic.
 You see here an ice box (for sale, 245 zorkmids).
 You do not owe Telloc Cyaj anything.
 You begin bashing monsters with your bare hands.
 You hit the housecat.
 The housecat bites!
 a - a blessed +2 bullwhip (weapon in right hand).
 You have no secondary weapon readied.
 The housecat bites!
 The housecat bites!
 You lash the housecat.
 The housecat bites!
 The housecat bites!
 You die...
 Telloc Cyaj gratefully inherits all your possessions.
 Do you want to see what you had when you died? [ynq] (y) y
 Do you want to see your attributes? [ynq] (y) n
 Do you want an account of creatures vanquished? [ynaq] (y) n
 Do you want to see your conduct and achievements? [ynq] (y) n
 Do you want to see the dungeon overview? [ynq] (y) n

Inventory:
 Coins    ('$')
  $ - 534 gold pieces
 Weapons  (')')
  q - 11 +0 darts
  k - a +1 spear
  a - a blessed +2 bullwhip (weapon in right hand)
 Armor    ('[')
  c - an uncursed +0 fedora
  j - an uncursed +0 orcish helm (being worn)
  o - an uncursed +0 orcish helm
  w - an uncursed +0 pair of leather gloves
  b - an uncursed +0 leather jacket (being worn)
 Comestibles  ('%')
  d - 5 uncursed food rations
  I - an uncursed food ration
 Scrolls  ('?')
  u - an uncursed scroll of magic mapping
 Wands    ('/')
  s - a wand of digging (0:8)
  E - a wand of magic missile (0:6)
 Tools    ('(')
  h - an empty uncursed sack
  J - a cursed magic lamp
  v - an uncursed skeleton key
  K - an uncursed tin whistle
  f - a tinning kit (0:74)
 Gems/Stones  ('*')
  g - an uncursed touchstone

BeardyHaddock the Archeologist's attributes:

Background:
 You were a Field Worker, a level 5 male gnomish Archeologist.
 You were neutral, on a mission for Camaxtli
 who was opposed by Quetzalcoatl (lawful) and Huhetotl (chaotic).
 You were right-handed.
 You were in the Gnomish Mines, on level 6.
 You entered the dungeon 2695 turns ago.
 It was nighttime.
 You had 239 experience points, 81 more were needed to attain level 6.

Basics:
 You had 0 out of 36 hit points.
 You had all 42 energy points (spell power).
 Your armor class was 8.
 Your wallet contained 534 zorkmids.
 Autopickup was off.

Final Characteristics:
 Your strength was 10 (limit:18/50).
 Your dexterity was 9 (limit:18).
 Your constitution was 13 (peak:16, limit:18).
 Your intelligence was 19 (limit:19).
 Your wisdom was 17 (limit:18).
 Your charisma was 9 (limit:18).

Final Status:
 You weren't hungry.
 You were unencumbered.
 You were wielding a whip.
 You had basic skill with whip.

Final Attributes:
 You were piously aligned.
 You had automatic searching.
 You had infravision.
 You were invisible.
 You were stealthy.
 You are dead.

Miscellaneous:
 You didn't encounter any bones levels.
 Total elapsed playing time was 18 minutes and 14 seconds.

Major events:
 Turn
    1: BeardyHaddock the neutral male gnomish Archeologist entered the dungeon
  953: entered the Gnomish Mines
 1135: attained the rank of Field Worker (level 3)
 2389: reached Mine Town
 2695: killed by a housecat

Spells:
 Name                 Level Category     Fail Retention
 dig                    5   matter       100%  76%-100%

Skills:
 Fighting Skills
   bare handed combat [Unskilled]
   two weapon combat  [Unskilled]
   riding             [Unskilled]
 Weapon Skills
   dagger             [Unskilled]
   knife              [Unskilled]
   pick-axe           [Skilled]
   short sword        [Unskilled]
   saber              [Unskilled]
   club               [Unskilled]
   quarterstaff       [Unskilled]
   sling              [Unskilled]
   dart               [Unskilled]
   boomerang          [Unskilled]
   whip               [Basic]
   unicorn horn       [Unskilled]
 Spellcasting Skills
   attack spells      [Unskilled]
   healing spells     [Unskilled]
   divination spells  [Unskilled]
   matter spells      [Unskilled]

Voluntary challenges:
 Character rerolling was not enabled.
 You never genocided any monsters.
 You never polymorphed an object.
 You never changed form.
 You used no wishes.
Achievements:
 You entered the Gnomish Mines.
 You attained the rank of Field Worker.
 You entered Minetown.
 You entered a shop.

 The Dungeons of Doom: levels 1 to 2
    Level 1:
       A fountain.
    Level 2:
       An altar.
       Stairs down to The Gnomish Mines.
 The Gnomish Mines: levels 3 to 6
    Level 3:
    Level 4:
    Level 5:
    Level 6: <- You were here.
       Many shops, an altar, some fountains.
       Final resting place for
          you, killed by a housecat.


Vanquished creatures:
  a small mimic
  2 human zombies
  2 Uruk-hai
  a rock mole
  a shrieker
  a gnome leader
  a gray ooze
  2 dwarves
  a homunculus
  a giant bat
  a dwarf zombie
  6 iguanas
  a hobbit
  a large kobold
  2 giant rats
  a green mold
  a red mold
  5 gnomes
  a gnome zombie
  5 geckos
  a fox
  2 kobolds
  3 goblins
  3 sewer rats
  2 grid bugs
  5 lichens
  a kobold zombie
 10 newts
64 creatures vanquished.

No species were genocided or became extinct.

Game over:
                       ----------
                      /          \
                     /    REST    \
                    /      IN      \
                   /     PEACE      \
                  /                  \
                  |  BeardyHaddock   |
                  |       0 Au       |
                  |   killed by a    |
                  |     housecat     |
                  |                  |
                  |                  |
                  |       2026       |
                 *|     *  *  *      | *
        _________)/\\_//(\/(/\)/\//\/|_)_______

Goodbye BeardyHaddock the Archeologist...

You died in The Gnomish Mines on dungeon level 6 with 1226 points,
and 0 pieces of gold, after 2695 moves.
You were level 5 with a maximum of 36 hit points when you died.

